 Dungeon Crawl Stone Soup version 0.20-a0-556-g892c87b (webtiles) character file.

7 drasked the Firebug (level 1, -4/10 HPs)
             Began as a Deep Elf Fire Elementalist on Feb 5, 2017.
             Slain by a leopard gecko (5 damage)
             ... on level 1 of the Dungeon.
             The game lasted 00:00:47 (248 turns).

drasked the Firebug (Deep Elf Fire Elementalist)     Turns: 248, Time: 00:00:48

Health: -4/10      AC:  2    Str:  5    XL:     1   Next: 83%
Magic:  0/6        EV: 13    Int: 19    God:
Gold:   0          SH:  0    Dex: 15    Spells: 5/6 levels left

rFire    . . .     SeeInvis .   (no weapon)
rCold    . . .     Gourm    .   a - +0 robe
rNeg     . . .     Faith    .   (no shield)
rPois    .         Spirit   .   (no helmet)
rElec    .         Reflect  .   (no cloak)
rCorr    .         Harm     .   (no gloves)
MR       .....                  (no boots)
Stlth    ++........             (no amulet)
Regen    0.1/turn               (no ring)
                                (no ring)

@: no status effects
A: no striking features
a: no special abilities


You were on level 1 of the Dungeon.
You were not hungry.

You visited 1 branch of the dungeon, and saw 1 of its levels.

Inventory:

Armour
 a - a +0 robe (worn)
Scrolls
 d - a scroll of magic mapping {unknown}
Books
 b - a book of Flames
Comestibles
 c - a bread ration {@e1}


   Skills:
 - Level 2.4 Dodging
 - Level 2.4 Stealth
 + Level 3.1 Spellcasting
 * Level 1.5 Conjurations
 + Level 3.5 Fire Magic


You had 5 spell levels left.
You knew the following spells:

 Your Spells              Type           Power        Failure   Level  Hunger
a - Flame Tongue          Conj/Fire      ##...        8%          1    None


Dungeon Overview and Level Annotations

Branches:
Dungeon (1/15)

Altars:


Message History

Will you prevail where others failed? Will you find the Orb of Zot?
Found a staircase leading out of the dungeon.
You open the door.
There is an open door here.
A leopard gecko comes into view.
The leopard gecko hisses angrily.
The leopard gecko bites you.
You take 4 damage, and have 6/10 hp.
MASSIVE DAMAGE!!
Aim: a leopard gecko (clinging)
The flame tongue misses the leopard gecko.
The leopard gecko bites you.
You take 1 damage, and have 5/10 hp.
You now have 5/6 mp.
Aim: a leopard gecko (clinging)
The flame tongue hits the leopard gecko.
You kill the leopard gecko!
You now have 4/6 mp.
You start resting.
Health restored: 10; MP restored: 6 You see here a leopard gecko corpse.
You open the door.
A goblin comes into view.
A goblin is nearby!
Aim: a goblin (resting)
The flame tongue hits the goblin.
You kill the goblin!
You now have 5/6 mp.
A bat comes into view.
There is an open door here.
The bat barely misses you. The bat hits you.
You take 1 damage, and have 9/10 hp.
Aim: a bat The flame tongue misses the bat.
The bat hits you.
You take 1 damage, and have 8/10 hp.
You now have 4/6 mp.
Aim: a bat The flame tongue hits the bat.
You kill the bat!
You now have 3/6 mp.
You open the door.
There is an open door here.
You open the door.
There is an open door here.
A bat comes into view.
You regained 2 mp, and now have 5/6 mp.
You can't see any susceptible monsters within range! (Use Z to cast anyway.)
Aim: a bat (resting)
The flame tongue hits the bat.
You kill the bat!
You now have 4/6 mp.
d - a scroll labeled NEAWOV IRPHO You enter a teleport trap!
The teleport trap disappears.
Your surroundings suddenly seem different.
MP restored: 6 A rat comes into view.
A goblin comes into view. It is wielding a club.
The goblin shouts!
You can't see any susceptible monsters within range! (Use Z to cast anyway.)
A leopard gecko comes into view.
Aim: a rat (hasn't noticed you)
The flame tongue hits the rat.
The leopard gecko hisses angrily.
You now have 5/6 mp.
Aim: a rat (heavily wounded)
The flame tongue hits the rat.
You kill the rat!
The leopard gecko closely misses you.
You now have 4/6 mp.
Aim: a leopard gecko (clinging)
The flame tongue misses the leopard gecko.
The leopard gecko completely misses you.
The leopard gecko closely misses you.
You now have 3/6 mp.
Aim: a leopard gecko (clinging)
The flame tongue hits the leopard gecko.
The goblin hits you with a club. The leopard gecko bites you.
You take 3 damage, and have 6/10 hp.
MASSIVE DAMAGE!!
You now have 2/6 mp.
Aim: a leopard gecko (heavily wounded, clinging)
The flame tongue hits the leopard gecko.
The goblin closely misses you. The leopard gecko barely misses you.
You now have 1/6 mp.
Aim: a leopard gecko (almost dead, clinging)
The flame tongue misses the leopard gecko.
The goblin hits you with a club. The leopard gecko misses you.
You take 2 damage, and have 4/10 hp.
You now have 0/6 mp.
The leopard gecko bites you.
* * * LOW HITPOINT WARNING * * *
You take 3 damage, and have 1/10 hp.
MASSIVE DAMAGE!!
Aim: a leopard gecko (almost dead, clinging)
The flame tongue hits the goblin.
You kill the goblin!
You now have 0/6 mp.
You don't have enough magic to cast that spell.
The leopard gecko barely misses you. The leopard gecko bites you.
Ouch! That really hurt!
You die...

.. #'# #.# #.#
##.########
##...#.)...# #
#.(..@.....#....
#####...#l..†....#
#.###...##)##.....####
#.......##.##.###.#
#####........[# .#
######.##.# # #.##...
#.###### ...


You could see a leopard gecko.

Vanquished Creatures
  A leopard gecko (D:1)
  2 bats (D:1)
  2 goblins (D:1)
  A rat (D:1)
6 creatures vanquished.

Notes
Turn   | Place    | Note
-------+----------+-------------------------------------------
     0 | D:1      | drasked the Deep Elf Fire Elementalist began the quest for the Orb.
     0 | D:1      | Reached XP level 1. HP: 10/10 MP: 6/6
   238 | D:1      | HP: 1/10 [leopard gecko (3)]
   248 | D:1      | Slain by a leopard gecko

Vault maps used:
D:1:      tarquinn_simple_flora_water_f

Action                   || total
-------------------------++-------
 Cast: Flame Tongue      ||    13
Dodge: Dodged            ||     8

Vault maps used:
D:1:      tarquinn_simple_flora_water_f

Table legend:
 A = Turns spent in this place as a percentage of turns spent in the entire game.
 B = Non-inter-level travel turns spent in this place as a percentage of non-inter-level travel turns spent in the entire game.
 C = Inter-level travel turns spent in this place as a percentage of turns spent in this place.
 D = Turns resting spent in this place as a percentage of non-inter-level travel turns spent in this place.
 E = Turns spent auto-exploring this place as a percentage of non-inter-level travel turns spent in this place.
 F = Non-inter-level travel turns spent in this place divided by the number of levels of this place that you've seen.
                   A       B       C       D       E      F
               +-------+-------+-------+-------+-------+----------------------
         Total | 100.0 | 100.0 |   0.0 |   3.4 |  12.1 |  58.0
       Dungeon | 100.0 | 100.0 |   0.0 |   3.4 |  12.1 |  58.0
               +-------+-------+-------+-------+-------+----------------------

Table legend:
 A = Kills in this place as a percentage of kills in entire the game.
 B = Kills by you in this place as a percentage of kills by you in the entire game.
 C = Kills by friends in this place as a percentage of kills by friends in the entire game.
 D = Other kills in this place as a percentage of other kills in the entire game.
 E = Experience gained in this place as a percentage of experience gained in the entire game.
 F = Experience gained in this place divided by the number of levels of this place that you have seen.
                   A       B       C       D       E      F
               +-------+-------+-------+-------+-------+----------------------
         Total | 100.0 | 100.0 |  -nan |  -nan | 100.0 |  10.0
       Dungeon | 100.0 | 100.0 |  -nan |  -nan | 100.0 |  10.0
               +-------+-------+-------+-------+-------+----------------------
